IL
LEHIGH VALLEY IRONPIGS @ COLORADO SPRINGS SKY SOX
04/21/2047
 
TOP OF THE 1ST
Lehigh Valley IronPigs batting - Pitching for Colorado Springs Sky Sox : RHP Jim Bruley
Pitching: RHP Jim Bruley
Batting: RHB Joe Smack 0-0: Ground out 6-3 (Groundball, 6, EV 80.6 MPH)
Batting: RHB Jesus Galvan 0-0: Ball
1-0: DOUBLE (Groundball, 5L, EV 106.9 MPH)
Batting: SHB Phuck II 0-0: Ball
1-0: Fly out, F8 (Flyball, 8LD, EV 86.9 MPH)
Batting: RHB Quintin Parker 0-0: Called Strike
0-1: Ball
1-1: Fly out, F7 (Flyball, 78M, EV 90.6 MPH)
Top of the 1st over - 0 runs, 1 hit, 0 errors, 1 left on base; Lehigh Valley 0 - Colorado Springs 0
BOTTOM OF THE 1ST
Colorado Springs Sky Sox batting - Pitching for Lehigh Valley IronPigs : RHP William-Floyd Goof
Pitching: RHP William-Floyd Goof
Batting: RHB Ryan Rinaldi 0-0: Ball
1-0: Foul Ball, location: 2F
1-1: SINGLE (Line Drive, 9S, EV 96.9 MPH)
Batting: SHB Bobby Santor 0-0: Hit by Pitch
Ryan Rinaldi to second
Batting: LHB Zack Guillen 0-0: Ball
Ryan Rinaldi is caught stealing 3rd base 2-5
Bobby Santor to second
1-0: Called Strike
1-1: Ground out 6-3 (Groundball, 6, EV 88.8 MPH)
Bobby Santor to third
Batting: LHB Michael Krott 0-0: Called Strike
0-1: Called Strike
0-2: Foul Ball, location: 2F
0-2: Strikes out swinging
Bottom of the 1st over - 0 runs, 1 hit, 0 errors, 1 left on base; Lehigh Valley 0 - Colorado Springs 0
TOP OF THE 2ND
Lehigh Valley IronPigs batting - Pitching for Colorado Springs Sky Sox : RHP Jim Bruley
Batting: LHB Mike Davis 0-0: Ball
1-0: Ball
2-0: Fly out, F7 (Flyball, 78M, EV 88.1 MPH)
Batting: RHB Alberto Ramirez 0-0: Foul Ball, location: 2F
0-1: Ball
1-1: Swinging Strike
1-2: Strikes out swinging
Batting: RHB Moritake Fukumoto 0-0: Fly out, F7 (Flyball, 78M, EV 94.4 MPH)
Top of the 2nd over - 0 runs, 0 hits, 0 errors, 0 left on base; Lehigh Valley 0 - Colorado Springs 0
BOTTOM OF THE 2ND
Colorado Springs Sky Sox batting - Pitching for Lehigh Valley IronPigs : RHP William-Floyd Goof
Batting: SHB Andy Vivas 0-0: Ground out U3 (Groundball, 34, EV 83.1 MPH)
Batting: RHB Justin Williams 0-0: Ball
1-0: Ball
2-0: Called Strike
2-1: Swinging Strike
2-2: Ball
3-2: Strikes out swinging, 2-3 out at first.
Batting: RHB Bobby Bowman 0-0: Ball
1-0: Called Strike
1-1: Ball
2-1: Ground out U3 (Groundball, 3, EV 88.8 MPH)
Bottom of the 2nd over - 0 runs, 0 hits, 0 errors, 0 left on base; Lehigh Valley 0 - Colorado Springs 0
TOP OF THE 3RD
Lehigh Valley IronPigs batting - Pitching for Colorado Springs Sky Sox : RHP Jim Bruley
Batting: SHB Benjamin Brown 0-0: Ground out 5-3 (Groundball, 5S, EV 66.2 MPH)
Batting: RHB Charles Marcel 0-0: Ground out 6-3 (Groundball, 6, EV 112.5 MPH)
Batting: RHB Joe Smack 0-0: Foul Ball, location: 2F
0-1: Swinging Strike
0-2: SINGLE (Groundball, 56D, EV 93.8 MPH)
Batting: RHB Jesus Galvan 0-0: Ball
1-0: Ball
Joe Smack is caught stealing 2nd base 2-4
Top of the 3rd over - 0 runs, 1 hit, 0 errors, 0 left on base; Lehigh Valley 0 - Colorado Springs 0
BOTTOM OF THE 3RD
Colorado Springs Sky Sox batting - Pitching for Lehigh Valley IronPigs : RHP William-Floyd Goof
Batting: SHB Jeff Sorrels 0-0: Fly out, F8 (Flyball, 89M, EV 92.5 MPH)
Batting: RHB John Stevenson 0-0: Ball
1-0: Fly out, F8 (Flyball, 8RM, EV 86.2 MPH)
Batting: RHB Ryan Rinaldi 0-0: Ball
1-0: Called Strike
1-1: Ball
2-1: Foul Ball, location: 2F
2-2: Ball
3-2: DOUBLE (Line Drive, 89D, EV 105.6 MPH)
Batting: SHB Bobby Santor 0-0: SINGLE (Groundball, 56D, EV 97.5 MPH)
Ryan Rinaldi to third
Runner from 3rd tries for Home, throw by LF and OUT! 7-2
Bottom of the 3rd over - 0 runs, 2 hits, 0 errors, 1 left on base; Lehigh Valley 0 - Colorado Springs 0
TOP OF THE 4TH
Lehigh Valley IronPigs batting - Pitching for Colorado Springs Sky Sox : RHP Jim Bruley
Batting: RHB Jesus Galvan 0-0: Called Strike
0-1: Ball
1-1: Foul Ball, location: 2F
1-2: Ground out 5-3 (Groundball, 56, EV 86.2 MPH)
Batting: SHB Phuck II 0-0: Ball
1-0: Called Strike
1-1: Foul Ball, location: 2F
1-2: Foul Ball, location: 2F
1-2: Ball
2-2: Ball
3-2: Ground out U3 (Groundball, 3, EV 85.6 MPH)
Batting: RHB Quintin Parker 0-0: Called Strike
0-1: Foul Ball, location: 2F
0-2: Ground out 6-3 (Groundball, 6M, EV 81.2 MPH)
Top of the 4th over - 0 runs, 0 hits, 0 errors, 0 left on base; Lehigh Valley 0 - Colorado Springs 0
BOTTOM OF THE 4TH
Colorado Springs Sky Sox batting - Pitching for Lehigh Valley IronPigs : RHP William-Floyd Goof
Batting: LHB Zack Guillen 0-0: Foul Ball, location: 2F
0-1: Ball
1-1: Ball
2-1: Called Strike
2-2: Ball
3-2: Ground out 5-3 (Groundball, 6, EV 90.0 MPH)
Batting: LHB Michael Krott 0-0: Ball
1-0: Ground out 5-3 (Groundball, 56, EV 87.5 MPH)
Batting: SHB Andy Vivas 0-0: Foul Ball, location: 2F
0-1: SINGLE (Flyball, 9LS, EV 89.4 MPH)
Batting: RHB Justin Williams 0-0: Called Strike
0-1: Ball
1-1: Ground out 4-3 (Groundball, 4, EV 86.2 MPH)
Bottom of the 4th over - 0 runs, 1 hit, 0 errors, 1 left on base; Lehigh Valley 0 - Colorado Springs 0
TOP OF THE 5TH
Lehigh Valley IronPigs batting - Pitching for Colorado Springs Sky Sox : RHP Jim Bruley
Batting: LHB Mike Davis 0-0: Called Strike
0-1: Foul Ball, location: 2F
0-2: Ball
1-2: Fly out, F8 (Flyball, 78D, EV 88.8 MPH)
Batting: RHB Alberto Ramirez 0-0: Ball
1-0: SINGLE (Line Drive, 4MD, EV 98.8 MPH)
Batting: RHB Moritake Fukumoto 0-0: Called Strike
Alberto Ramirez steals 2nd base
0-1: Ground out 4-3 (Groundball, 4, EV 91.2 MPH)
Alberto Ramirez to third
Batting: SHB Benjamin Brown 0-0: Swinging Strike
0-1: Called Strike
0-2: Foul Ball, location: 2F
0-2: Ball
1-2: Foul Ball, location: 2F
1-2: Fly out, F8 (Line Drive, 8RD, EV 95.0 MPH)
Top of the 5th over - 0 runs, 1 hit, 0 errors, 1 left on base; Lehigh Valley 0 - Colorado Springs 0
BOTTOM OF THE 5TH
Colorado Springs Sky Sox batting - Pitching for Lehigh Valley IronPigs : RHP William-Floyd Goof
Batting: RHB Bobby Bowman 0-0: Ball
1-0: Ball
2-0: Ball
3-0: Base on Balls
Batting: SHB Jeff Sorrels 0-0: Called Strike
0-1: 2-RUN HOME RUN (Flyball, 9D, EV 104.4 MPH), Distance : 388 ft
Batting: RHB John Stevenson 0-0: Called Strike
0-1: Ball
1-1: Ball
2-1: Called Strike
2-2: Ball
3-2: Fly out, F6 (Popup, 4MD, EV 68.8 MPH)
Batting: RHB Ryan Rinaldi 0-0: Fly out, F7 (Flyball, 7D, EV 96.2 MPH)
Batting: SHB Bobby Santor 0-0: Ground out 4-3 (Groundball, 4M, EV 88.1 MPH)
Bottom of the 5th over - 2 runs, 1 hit, 0 errors, 0 left on base; Lehigh Valley 0 - Colorado Springs 2
TOP OF THE 6TH
Lehigh Valley IronPigs batting - Pitching for Colorado Springs Sky Sox : RHP Jim Bruley
Batting: RHB Charles Marcel 0-0: Ball
1-0: Fly out, F8 (Flyball, 8RXD, EV 86.9 MPH)
Batting: RHB Joe Smack 0-0: Called Strike
0-1: Ball
1-1: Foul Ball, location: 2F
1-2: Strikes out swinging
Batting: RHB Jesus Galvan 0-0: Ball
1-0: Ball
2-0: Foul Ball, location: 2F
2-1: Called Strike
2-2: Ball
3-2: Base on Balls
Batting: SHB Phuck II 0-0: SINGLE (Groundball, 4MD, EV 99.4 MPH) (infield hit)
Jesus Galvan to second
Batting: RHB Quintin Parker 0-0: Ball
1-0: Called Strike
1-1: Ball
2-1: Called Strike
2-2: Foul Ball, location: 2F
2-2: Foul Ball, location: 2F
2-2: Strikes out swinging
Top of the 6th over - 0 runs, 1 hit, 0 errors, 2 left on base; Lehigh Valley 0 - Colorado Springs 2
BOTTOM OF THE 6TH
Colorado Springs Sky Sox batting - Pitching for Lehigh Valley IronPigs : RHP William-Floyd Goof
Batting: LHB Zack Guillen 0-0: Called Strike
0-1: Ball
1-1: Swinging Strike
1-2: Foul Ball, location: 2F
1-2: Strikes out swinging
Batting: LHB Michael Krott 0-0: Ball
1-0: Ball
2-0: SINGLE (Flyball, 3D, EV 90.0 MPH)
Batting: SHB Andy Vivas 0-0: Swinging Strike
0-1: Foul Ball, location: 2F
0-2: Strikes out swinging
Batting: RHB Justin Williams 0-0: Ball
1-0: Called Strike
1-1: Foul Ball, location: 2F
1-2: SINGLE (Groundball, 56D, EV 104.4 MPH)
Michael Krott to second
Runner from 2nd tries for 3rd, OUT! 7-5
Bottom of the 6th over - 0 runs, 2 hits, 0 errors, 1 left on base; Lehigh Valley 0 - Colorado Springs 2
TOP OF THE 7TH
Lehigh Valley IronPigs batting - Pitching for Colorado Springs Sky Sox : RHP Jim Bruley
Batting: LHB Mike Davis 0-0: Called Strike
0-1: Foul Ball, location: 2F
0-2: Ball
1-2: Ground out U3 (Groundball, 3, EV 88.8 MPH)
Batting: RHB Alberto Ramirez 0-0: Ball
1-0: Called Strike
1-1: Ball
2-1: Swinging Strike
2-2: SINGLE (Line Drive, 3D, EV 101.2 MPH)
Batting: RHB Moritake Fukumoto 0-0: Swinging Strike
0-1: Ball
1-1: Ball
2-1: Foul Ball, location: 2F
2-2: Strikes out swinging
Batting: SHB Benjamin Brown 0-0: Swinging Strike
0-1: Ball
Passed Ball!
Alberto Ramirez to second
1-1: Foul Ball, location: 2F
1-2: Ground out 4-3 (Groundball, 4, EV 91.9 MPH)
Top of the 7th over - 0 runs, 1 hit, 0 errors, 1 left on base; Lehigh Valley 0 - Colorado Springs 2
BOTTOM OF THE 7TH
Colorado Springs Sky Sox batting - Pitching for Lehigh Valley IronPigs : RHP William-Floyd Goof
Batting: RHB Bobby Bowman 0-0: Ball
1-0: Called Strike
1-1: Ground out 3-1 (Groundball, 34S, EV 82.5 MPH)
Batting: SHB Jeff Sorrels 0-0: Ball
1-0: Swinging Strike
1-1: Swinging Strike
1-2: Ball
2-2: Ball
3-2: SINGLE (Groundball, 4D, EV 95.0 MPH)
Batting: RHB John Stevenson 0-0: Ball
1-0: Called Strike
1-1: Fly out, F4 (Popup, 4MS, EV 81.2 MPH)
Batting: RHB Ryan Rinaldi 0-0: Swinging Strike
0-1: Ball
1-1: Foul Ball, location: 2F
1-2: Ball
2-2: Strikes out swinging
Bottom of the 7th over - 0 runs, 1 hit, 0 errors, 1 left on base; Lehigh Valley 0 - Colorado Springs 2
TOP OF THE 8TH
Lehigh Valley IronPigs batting - Pitching for Colorado Springs Sky Sox : RHP Jim Bruley
Pitching: RHP Trey Price
Batting: RHB Charles Marcel 0-0: Ball
1-0: Foul Ball, location: 2F
1-1: SINGLE (Groundball, 25, EV 65.6 MPH) (infield hit)
Batting: RHB Joe Smack 0-0: Called Strike
0-1: Foul Ball, location: 2F
0-2: Ball
1-2: Grounds into double play, 5-4-3 (Groundball, 5L, EV 83.8 MPH)
Batting: RHB Jesus Galvan 0-0: Ground out 5-3 (Groundball, 15, EV 82.5 MPH)
Top of the 8th over - 0 runs, 1 hit, 0 errors, 0 left on base; Lehigh Valley 0 - Colorado Springs 2
BOTTOM OF THE 8TH
Colorado Springs Sky Sox batting - Pitching for Lehigh Valley IronPigs : RHP William-Floyd Goof
Batting: SHB Bobby Santor 0-0: Ground out 1-3 (Groundball, 13S, EV 65.6 MPH)
Batting: LHB Zack Guillen 0-0: Ball
1-0: Ball
2-0: Ball
3-0: Base on Balls
Batting: LHB Michael Krott 0-0: Called Strike
0-1: Called Strike
0-2: Foul Ball, location: 2F
0-2: Ball
1-2: Foul Ball, location: 2F
1-2: Fly out, F7 (Flyball, 7S, EV 91.2 MPH)
Pitching: RHP Alex Florez
Batting: SHB Andy Vivas 0-0: Ball
Zack Guillen steals 2nd base
1-0: Ball
2-0: Foul Ball, location: 2F
2-1: Swinging Strike
2-2: Ground out 5-3 (Groundball, 5, EV 83.1 MPH)
Bottom of the 8th over - 0 runs, 0 hits, 0 errors, 1 left on base; Lehigh Valley 0 - Colorado Springs 2
TOP OF THE 9TH
Lehigh Valley IronPigs batting - Pitching for Colorado Springs Sky Sox : RHP Trey Price
Pitching: LHP Jay Turpin
Batting: SHB Phuck II 0-0: Called Strike
0-1: Ground out 6-3 (Groundball, 6, EV 90.6 MPH)
Batting: RHB Quintin Parker 0-0: Called Strike
0-1: Foul Ball, location: 2F
0-2: Ball
1-2: Ball
2-2: Strikes out looking
Pinch Hitting: SHB Brian Bagley 0-0: Ball
1-0: Ball
2-0: Called Strike
2-1: Ground out 6-3 (Groundball, 6, EV 90.6 MPH)
Top of the 9th over - 0 runs, 0 hits, 0 errors, 0 left on base; Lehigh Valley 0 - Colorado Springs 2
Thursday, December 15th , 2022 - OOTP Baseball 23.9 Build 102